 Dungeon Crawl Stone Soup version 0.19.0-22-gd96e5fe (webtiles) character file.

20072 dobroeutro the Quickloader (level 12, -1/77 HPs)
             Began as a Gargoyle Hunter on Nov 18, 2016.
             Was a High Priest of Okawaru.
             Killed from afar by a gargoyle (20 damage)
             ... with a stone arrow
             ... on level 11 of the Dungeon.
             The game lasted 00:28:05 (16748 turns).

dobroeutro the Quickloader (Gargoyle Hunter)       Turns: 16748, Time: 00:28:06

Health: -1/77      AC: 30    Str: 23    XL:     12   Next: 75%
Magic:  10/10      EV: 11    Int: 12    God:    Okawaru [*****.]
Gold:   553        SH: 10    Dex: 13    Spells: 0 memorised, 11 levels left

rFire  + . .     SeeInvis .     a - +2 hand crossbow
rCold  + . .     Gourm    .     B - +6 scale mail {rC+}
rNeg   + . .     Faith    .     D - +2 shield {AC+3}
rPois  ∞         Spirit   .     C - +0 helmet
rElec  +         Reflect  .     q - +0 cloak
rCorr  .         Harm     .     (no gloves)
MR     .....                    r - +0 pair of boots
Stlth  ..........               J - amulet of rage
                                u - +3 ring of strength
                                N - ring of protection from fire

@: no status effects
A: agile 1, deterioration 1, low mp 1, negative energy resistance 1, electricity
resistance, unbreathing, petrification resistance, rot immunity, AC +8
a: Heroism, Finesse, Renounce Religion, Evoke Berserk Rage


You were on level 11 of the Dungeon.
You worshipped Okawaru.
Okawaru was extremely pleased with you.
You were hungry.

You visited 3 branches of the dungeon, and saw 15 of its levels.

You collected 553 gold pieces.

Inventory:

Hand Weapons
 a - a +2 hand crossbow (weapon)
 w - a +2 short sword of electrocution
 G - a +2 war axe of chopping
Missiles
 d - 61 bolts (quivered)
Armour
 q - a +0 cloak (worn)
 r - a +0 pair of boots (worn)
 B - a +6 scale mail of cold resistance (worn)
 C - a +0 helmet (worn)
 D - a +2 shield of protection (worn)
Jewellery
 k - an uncursed ring of flight
 u - a +3 ring of strength (right hand)
 J - an amulet of rage (around neck)
 N - a ring of protection from fire (left hand)
Wands
 A - a wand of teleportation (5/9)
 E - a wand of slowing (3/48)
 K - a wand of slowing (22/48)
 M - a wand of digging (20/24)
 P - a wand of lightning (1/15)
 R - a wand of flame (23/48)
 U - a wand of slowing (38/48)
 Y - a wand of disintegration (9/24)
Scrolls
 b - 10 scrolls of teleportation
 h - 3 scrolls of enchant weapon
 i - 2 scrolls of enchant armour
 n - 4 scrolls of fear
 s - 10 scrolls of remove curse
 t - 3 scrolls of immolation
 y - 6 scrolls of identify
 I - a scroll of amnesia
 O - 2 scrolls of magic mapping
Potions
 e - a potion of resistance
 j - a potion of invisibility {unknown}
 p - 3 potions of cure mutation
 v - a potion of brilliance {unknown}
 x - 4 potions of curing
 z - 4 potions of lignification
 L - 4 potions of agility
 S - a potion of magic {unknown}
 T - a potion of cancellation {unknown}
 V - a potion of beneficial mutation {unknown}
 Z - a potion of might {unknown}
Books
 o - a book of Cantrips

   Spells                             Type                      Level
   a - Confusing Touch                Hexes                        1
   b - Animate Skeleton               Necromancy                   1
   c - Summon Small Mammal            Summoning                    1
   d - Apportation                    Translocation                1
 Q - a book of Callings

   Spells                             Type                      Level
   a - Summon Small Mammal            Summoning                    1
   b - Call Imp                       Summoning                    2
   c - Call Canine Familiar           Summoning                    3
   d - Summon Guardian Golem          Hexes/Summoning              3
   e - Summon Lightning Spire         Summoning/Air                4
   f - Summon Ice Beast               Ice/Summoning                4
Comestibles
 c - a chunk of flesh
 f - 12 bread rations
 m - 2 meat rations
 H - 6 fruits


   Skills:
 + Level 9.7 Fighting
 * Level 14.3 Crossbows
 + Level 9.5 Armour
 + Level 7.7 Dodging
 - Level 1.1 Stealth


You had 11 spell levels left.
You didn't know any spells.

Dungeon Overview and Level Annotations

Branches:
Dungeon (12/15)            Temple (1/1) D:4            Lair (2/6) D:9
 Spider (0/4) Lair:2
  Swamp: Lair:2-4    Shoals: Lair:2-4       Orc: D:9-12

Altars:
Ashenzari
Cheibriados
Dithmenos
Elyvilon
Fedhas
Gozag
Hepliaklqana
Kikubaaqudgha
Makhleb
Nemelex Xobeh
Okawaru
Qazlal
Ru
Sif Muna
Trog
Uskayaw
Vehumet
Xom
Yredelemnul
Zin
The Shining One

Annotations:
D:3 1 runed door
D:10 1 runed door


Innate Abilities, Weirdness & Mutations

You are resistant to torment.
Your stone body is resilient. (AC +8)
You are immune to poison.
You resist negative energy. (rN+)
You are resistant to electric shocks. (rElec)
You can survive without breathing.
You are immune to petrification.
You are immune to rotting.
You are agile. (Dex +2)
Your body sometimes deteriorates upon taking damage.
Your magical capacity is low. (-10% MP)


Message History

You shoot a bolt. The bolt hits the cyan ugly thing.
The cyan ugly thing is heavily wounded.
The cyan ugly thing pecks you but does no damage.
Firing (i - inventory):
d - 62 bolts (quivered)
Press: ? - help, Shift-Dir - straight line, f/p - cyan ugly thing
Aim: a cyan ugly thing (heavily wounded)
You shoot a bolt.
The bolt closely misses the cyan ugly thing.
The gargoyle hits you but does no damage.
You block the cyan ugly thing's attack.
Unknown command.
The gargoyle hurls a stone arrow at you.
The stone arrow hits you!
* * * LOW HITPOINT WARNING * * *
You block the cyan ugly thing's attack.
You climb upwards.
There is a stone staircase leading down here.
The gargoyle hurls a stone arrow at you.
The stone arrow hits you!
You die...

....###.....####...##
............# ##...##
####........#
#.....####### ##......##
#......#<...## #
#......# ###......###.#
# #......# ##...### ###
# #.P.P..## ###.## #
#.._....# ###...## #
##.P.P...# ##@.....#
####....)...###>...#..##
##.............u9###...#
................##
##..## ..####.........##
##..# ### ##..[....(.##
##.## # #.....##...####
#..# #
##...####.....####.### #
#...# #.........#...#


You could see a cyan ugly thing and a gargoyle.

Vanquished Creatures
  Harold (D:11)
  3 hydras (Lair:2)
  A tengu warrior (D:11)
  Nergalle (D:11)
  Sonja (D:11)
  2 hill giants
  Pikel (D:8)
  An orb spider (Lair:2)
  An ugly thing (D:11)
  A black mamba (Lair:1)
  Maurice (D:11)
  4 elephants
  2 spiny frogs (Lair:1)
  A gargoyle (D:10)
  Psyche (D:8)
  3 komodo dragons (Lair:2)
  A troll (D:8)
  4 two-headed ogres
  A spriggan (D:7)
  4 yaks (D:9)
  3 basilisks
  A hungry ghost (D:7)
  Edmund (D:5)
  6 water moccasins
  3 porcupines
  4 orc warriors
  3 phantoms
  A black bear (D:6)
  A necrophage (D:5)
  4 ice beasts
  2 ogres (D:6)
  7 wolves
  3 centaurs
  A crocodile (Lair:2)
  2 big kobolds
  Blork the orc (D:4)
  13 bullfrogs
  A gnoll sergeant (D:10)
  2 wyvern zombies
  2 wyvern skeletons
  3 scorpions
  2 howler monkeys
  6 jellies
  7 wights
  6 electric eels
  6 crimson imps
  A centaur zombie (D:6)
  A quasit (D:7)
  11 hounds
  2 orc priests
  13 orc wizards
  3 iguanas
  Natasha (thrice) (D:4)
  9 worker ants
  A hound zombie (D:9)
  The ghost of dscm the Digger, a weakling OpEE (D:5)
  Robin (D:4)
  3 gnolls (D:10)
  2 howler monkey skeletons
  16 adders
  2 adder zombies
  2 worms
  5 dart slugs
  7 leopard geckos
  39 orcs
  A ball python (D:1)
  5 bats
  6 giant cockroaches
  15 goblins
  18 hobgoblins
  15 jackals
  15 kobolds
  6 quokkas
  7 frilled lizards
  A giant cockroach zombie (D:6)
  A leopard gecko zombie (D:6)
  7 rats
  2 plants
347 creatures vanquished.

Vanquished Creatures (others)
  An orc (D:8)
1 creature vanquished.

Grand Total: 348 creatures vanquished

Notes
Turn   | Place    | Note
-------+----------+-------------------------------------------
     0 | D:1      | dobroeutro the Gargoyle Hunter began the quest for the Orb.
     0 | D:1      | Reached XP level 1. HP: 12/12 MP: 1/1
   138 | D:1      | Reached XP level 2. HP: 10/17 MP: 2/2
  1030 | D:1      | Gained mutation: Your body sometimes deteriorates upon taking damage. [potion of mutation]
  1030 | D:1      | Gained mutation: You are agile. (Dex +2) [potion of mutation]
  1030 | D:1      | Gained mutation: Your magical capacity is low. (-10% MP) [potion of mutation]
  1051 | D:1      | Reached XP level 3. HP: 1/21 MP: 2/2
  1487 | D:2      | Reached skill level 5 in Crossbows
  1782 | D:2      | Found a radiant altar of Vehumet.
  1836 | D:2      | Reached XP level 4. HP: 25/26 MP: 3/3
  2455 | D:3      | Reached skill level 6 in Crossbows
  2465 | D:3      | Found a snail-covered altar of Cheibriados.
  2518 | D:3      | Reached XP level 5. HP: 22/30 MP: 4/4
  2544 | D:3      | Found a faded altar of an unknown god.
  2547 | D:3      | Found a runed door.
  2547 | D:3      | Noticed a human
  2553 | D:3      | Found a basalt altar of Yredelemnul.
  2817 | D:4      | Noticed Blork the orc
  3053 | D:4      | Reached skill level 7 in Crossbows
  3053 | D:4      | Reached XP level 6. HP: 27/35 MP: 5/5
  3169 | D:4      | Found a faded altar of an unknown god.
  3169 | D:4      | Found a hazy altar of Hepliaklqana.
  3174 | D:4      | Found a faded altar of an unknown god.
  3176 | D:4      | Found a faded altar of an unknown god.
  3178 | D:4      | Found a faded altar of an unknown god.
  3219 | D:4      | Killed Blork the orc
  3389 | D:4      | Reached skill level 8 in Crossbows
  3459 | D:4      | Noticed Robin
  3464 | D:4      | Killed Robin
  3510 | D:4      | Found a sparkling altar of Nemelex Xobeh.
  3552 | D:4      | Noticed Natasha
  3564 | D:4      | Killed Natasha
  3564 | D:4      | Reached XP level 7. HP: 33/40 MP: 6/6
  3628 | D:4      | Found a staircase to the Ecumenical Temple.
  3652 | Temple   | Entered the Ecumenical Temple
  3776 | Temple   | Became a worshipper of Warmaster Okawaru
  3907 | D:4      | Noticed Natasha
  3912 | D:4      | Killed Natasha
  3949 | D:4      | Noticed Natasha
  3964 | D:4      | Killed Natasha
  3996 | D:5      | Entered Level 5 of the Dungeon
  3996 | D:5      | Noticed dscm's ghost (weakling OpEE)
  4087 | D:5      | Reached skill level 9 in Crossbows
  4240 | D:5      | Noticed Edmund
  4258 | D:5      | Killed Edmund
  4258 | D:5      | Reached XP level 8. HP: 37/44 MP: 7/7
  4446 | D:5      | Reached skill level 10 in Crossbows
  4546 | D:5      | Killed dscm's ghost
  4608 | D:5      | Reached * piety under Okawaru
  4621 | D:5      | Reached skill level 1 in Armour
  4717 | D:5      | Found a shadowy altar of Dithmenos.
  5205 | D:6      | Found a shadowy altar of Dithmenos.
  5455 | D:6      | Reached ** piety under Okawaru
  5700 | D:6      | Reached XP level 9. HP: 49/52 MP: 8/8
  6266 | D:6      | Noticed a two-headed ogre
  6284 | D:6      | Killed a two-headed ogre
  6561 | D:6      | Reached skill level 5 in Fighting
  7100 | D:7      | Found a stormy altar of Qazlal.
  7146 | D:7      | Reached skill level 11 in Crossbows
  7367 | D:7      | Found a hide-covered altar of Uskayaw.
  7527 | D:7      | Reached skill level 5 in Armour
  7566 | D:7      | Reached *** piety under Okawaru
  7730 | D:7      | Found a burning altar of Makhleb.
  7841 | D:7      | Reached XP level 10. HP: 60/60 MP: 9/9
  8832 | D:8      | Noticed Psyche
  8851 | D:8      | Killed Psyche
  8851 | D:8      | Reached skill level 5 in Dodging
  9177 | D:8      | Found an ancient bone altar of Kikubaaqudgha.
  9218 | D:8      | Found a sacrificial altar of Ru.
  9477 | D:8      | Noticed Pikel
  9497 | D:8      | Killed Pikel
  9497 | D:8      | Reached **** piety under Okawaru
  9856 | D:9      | Received a gift from Okawaru
  9856 | D:9      | Reached skill level 12 in Crossbows
 10192 | D:9      | Found a staircase to the Lair.
 10595 | D:8      | Reached XP level 11. HP: 29/67 MP: 9/9
 10905 | D:9      | Found a shimmering altar of Xom.
 11157 | D:10     | Entered Level 10 of the Dungeon
 11275 | D:10     | Reached ***** piety under Okawaru
 11275 | D:10     | Received a gift from Okawaru
 11489 | D:10     | Got a heavily runed cloak
 11500 | D:10     | Identified the -2 cloak of the Unstoppable Lies {rPois} (You found it on level 10 of the Dungeon)
 11706 | D:10     | Found a runed door.
 11706 | D:10     | Found a glowing silver altar of Zin.
 11706 | D:10     | Noticed an angel
 11769 | D:10     | Noticed a hill giant
 11866 | D:10     | Killed a hill giant
 12401 | D:11     | Noticed Nergalle
 12494 | Lair:1   | Entered Level 1 of the Lair of Beasts
 12690 | Lair:1   | Received a gift from Okawaru
 13330 | Lair:2   | Reached skill level 13 in Crossbows
 13623 | Lair:2   | Noticed a seven-headed hydra
 13635 | Lair:2   | Killed a seven-headed hydra
 13635 | Lair:2   | Received a gift from Okawaru
 13831 | Lair:2   | Got a polished glaive {god gift}
 13944 | Lair:2   | Noticed a five-headed hydra
 13992 | Lair:2   | Killed a five-headed hydra
 14220 | Lair:2   | Reached XP level 12. HP: 72/75 MP: 10/10
 14345 | Lair:2   | Found a hole to the Spider Nest.
 14681 | Lair:1   | Received a gift from Okawaru
 14682 | Lair:1   | Got an ichor-stained robe {god gift}
 14693 | Lair:1   | Identified the +0 robe of a treasure trove {rElec rC+} (Okawaru gifted it to you on level 1 of the Lair of Beasts)
 15402 | Lair:2   | Noticed a five-headed hydra
 15407 | Lair:2   | Killed a five-headed hydra
 15655 | D:11     | Noticed Sonja
 15665 | D:11     | Killed Sonja
 15702 | D:11     | Killed Nergalle
 15702 | D:11     | Reached skill level 14 in Crossbows
 15778 | D:11     | Noticed a tengu warrior
 15793 | D:11     | Killed a tengu warrior
 16080 | D:11     | Noticed Harold
 16109 | D:11     | Killed Harold
 16178 | D:11     | Found a blossoming altar of Fedhas.
 16209 | D:11     | Noticed Maurice
 16236 | D:11     | Killed Maurice
 16748 | D:11     | Killed from afar by a gargoyle

Skill      XL: |  1  2  3  4  5  6  7  8  9 10 11 12 |
---------------+-------------------------------------+-----
Crossbows      | 5 6 7 8 9 10 11 12 13 14 | 14.3
Armour         | 3 5 6 8 9 |  9.5
Dodging        | 3 4 5 6 7 |  7.7
Fighting       | 4 5 7 8 9 |  9.7
Stealth        | |  1.1

Action                   |  1- 3 |  4- 6 |  7- 9 | 10-12 || total
-------------------------+-------+-------+-------+-------++-------
Melee: Whip              |    28 |       |       |       ||    28
       Short sword       |   128 |       |       |    68 ||   196
       Spear             |    48 |   253 |   595 |   432 ||  1328
 Fire: Hand crossbow     |       |       |       |   495 ||   495
Invok: Heroism           |       |       |       |     4 ||     4
Evoke: Wand              |       |       |       |    10 ||    10
  Use: Potion            |     5 |     1 |       |     1 ||     7
       Scroll            |     3 |       |     9 |     8 ||    20
 Stab: Sleeping          |     1 |     1 |       |       ||     2
  Eat: Chunk             |     3 |     6 |    14 |    17 ||    40
       Beef jerky        |       |       |     2 |     1 ||     3
       Royal jelly       |       |       |     1 |       ||     1
       Meat ration       |       |       |       |     2 ||     2
       Pizza             |       |       |       |     1 ||     1
Armor: Leather armour    |    77 |    56 |       |       ||   133
       Scale mail        |       |    35 |   378 |   535 ||   948
Dodge: Dodged            |   108 |   127 |   324 |   456 ||  1015
Block: Buckler           |       |     1 |    76 |   127 ||   204
       Shield            |       |       |       |    27 ||    27
